 Dungeon Crawl Stone Soup version 0.28.0-53-g5a82cb258f (webtiles) character file.

Game seed: 12474050838324204823

3878 DocClef the Cleaver (level 10, -2/141 HPs)
             Began as a Minotaur Berserker on July 5, 2022.
             Was an Elder of Trog.
             Slain by an orc knight
             ... wielding a +0 trident
              (10 damage)
             ... in a bailey.
             The game lasted 00:09:38 (8457 turns).

DocClef the Cleaver (Minotaur Berserker)            Turns: 8457, Time: 00:09:39

Health: -2/141     AC: 11    Str: 25    XL:     10   Next: 0%
Magic:  9/9        EV:  8    Int:  4    God:    Trog [****..]
Gold:   252        SH:  0    Dex: 11    Spells: 9/9 levels left

rFire   + . .      SeeInvis .   b - +5 dire flail (protect)
rCold   . . .      Faith    .   (shield currently unavailable)
rNeg    . . .      Spirit   .   d - +1 chain mail {rF+}
rPois   +          Reflect  .   (helmet restricted)
rElec   .          Harm     .   m - +1 cloak {rPois}
rCorr   .          Rampage  .   (no gloves)
Will    ++...                   (no boots)
Stlth   ..........              (no amulet)
HPRegen 1.33/turn               (no ring)
MPRegen 0.11/turn               (no ring)

@: berserking, strong-willed, regenerating, studying Shields, very quick
A: horns 2, retaliatory headbutt
a: Renounce Religion, Berserk, Trog's Hand, Brothers in Arms


You were in a bailey.
You worshipped Trog.
Trog was greatly pleased with you.
You visited 1 branch of the dungeon, and saw 7 of its levels.
You also visited: Ossuary and Bailey.

You collected 252 gold pieces.

Inventory:

Hand Weapons
 a - a +0 hand axe
 b - a +5 dire flail of protection (weapon)
Missiles
 y - 2 throwing nets (quivered)
Armour
 d - a +1 chain mail of fire resistance (worn)
 h - a +0 scale mail
 m - a +1 cloak of poison resistance (worn)
Jewellery
 B - an amulet of the acrobat
 D - a ring of positive energy
Scrolls
 f - 3 scrolls of teleportation
 g - a scroll of silence
Potions
 c - 2 potions of cancellation
 e - 3 potions of brilliance {unknown}
 j - a potion of magic
 k - 6 potions of curing {unknown}
 l - a potion of degeneration {unknown}
 o - 2 potions of flight {unknown}
 p - a potion of might {unknown}
 q - 2 potions of attraction {unknown}
 r - 2 potions of haste {unknown}
 t - a potion of berserk rage {unknown}
 w - a potion of ambrosia {unknown}
 x - a potion of heal wounds {unknown}
 z - a potion of mutation {unknown}


   Skills:
 + Level 10.9 Fighting
 - Level 14.0 Axes
 - Level 2.4 Armour
 - Level 2.1 Dodging


You had 9 spell levels left.
You didn't know any spells.
Your spell library was empty.

Dungeon Overview and Level Annotations

Branches:
Dungeon (7/15)             Temple (0/1) D:6         Ossuary (visited)
 Bailey (1/1)

Altars:
Ashenzari
Gozag
Makhleb
Uskayaw
Vehumet
Yredelemnul

Shops:
D:3 [

Portals:
Abyss: D:4

Annotations:
D:3 exclusion: statue
D:4 2 transporters, KittyFluff's ghost, amateur GrBe


Innate Abilities, Weirdness & Mutations

You have a pair of horns on your head.
You reflexively headbutt those who attack you in melee.


Message History

Which direction?
Okay, then.
Your two-headed ogre goes berserk!
The orc knight hits you from afar with a +0 halberd.
The orc hits you but does no damage.
The orc knight hits you from afar with a +0 bardiche.
Your skin crawls.
You feel strong-willed. The orc knight barely misses you.
The orc hits you but does no damage.
The orc knight hits you from afar with a +0 bardiche.
The orc knight hits your two-headed ogre with a +0 halberd!!
Something hits your two-headed ogre!
The orc knight hits your two-headed ogre with a +0 bardiche.
Your two-headed ogre hits the orc knight with a +0 giant club!!
Your two-headed ogre hits the orc knight with a +0 giant spiked club!
There is an open gate here.
The orc knight hits your two-headed ogre with a +0 halberd!
The orc hits your two-headed ogre with a +0 trident!
The orc knight hits your two-headed ogre with a +0 bardiche!
Your two-headed ogre barely misses the orc knight.
Your two-headed ogre hits the orc knight with a +0 giant spiked club!!
There is an open gate here.
The orc knight hits you from afar with a +0 halberd!!
The orc misses you.
The orc knight hits your two-headed ogre with a +0 bardiche!!
Your two-headed ogre dies!
Your two-headed ogre's corpse disappears in a puff of smoke!
The orc knight shouts!
A red film seems to cover your vision as you go berserk!
You feel yourself moving faster!
You feel mighty!
The orc knight hits you from afar with a +0 halberd!
The orc barely misses you.
The orc knight hits you from afar with a +0 bardiche!!
You feel a strong urge to attack something.
The orc knight hits you with a +0 halberd.
The orc closely misses you.
The orc knight hits you with a +0 bardiche!!!
* * * LOW HITPOINT WARNING * * *
The orc knight hits you from afar with a +0 trident!
You die...

..≈≈≈≈≈≈≈≈≈≈#########≈≈≈≈≈≈≈≈≈≈..
..≈≈≈≈)≈≈≈≈##≈≈≈≈≈≈≈##≈≈≈≈≈≈)≈≈..
..≈≈≈≈≈≈≈≈##≈≈#'#'#≈≈##≈≈≈≈≈≈)≈..
..≈≈≈≈≈≈≈≈#≈≈##)#)##≈≈#≈≈≈≈≈≈≈≈..
..≈≈≈≈≈≈≈##≈#########≈##≈≈≈≈≈≈≈..
..≈≈≈≈≈≈≈##≈')#).!#)'≈##≈≈≈≈≈≈≈..
..≈≈≈≈≈≈≈##≈###.8o###≈##≈≈≈≈≈≈≈..
..≈≈≈≈≈≈≈##≈')#ooo#)'≈##≈≈≈≈≈≈≈..
..≈≈≈≈≈≈≈##≈####@####≈##≈≈≈≈≈≈≈..
..≈≈≈≈≈≈≈≈#≈≈##§.∩##≈≈##≈≈≈≈≈≈≈..
..≈≈≈≈≈≈≈≈##≈≈#'''##≈≈≈≈≈≈≈≈≈≈≈..
..≈≈≈≈≈≈≈≈≈##≈≈≈≈≈##≈≈≈≈≈≈≈)≈≈≈..
..≈≈≈≈≈≈≈≈≈≈##≈≈≈≈##≈≈≈≈≈≈≈≈≈≈≈..
..≈≈#.##≈≈≈≈≈#######≈≈≈≈≈##)#≈≈..
..≈##.∩#≈≈≈≈≈≈≈≈≈≈≈≈≈≈≈≈≈#∩.##≈..
..≈#..))≈≈≈≈≈≈≈≈≈≈≈≈≈≈≈≈≈....#≈..
..≈##.##≈≈≈≈≈≈≈≈≈≈≈≈≈≈≈≈≈##.##≈..


You could see 3 orc knights and an orc (strong).

Vanquished Creatures
  Harold (D:7)
  Grinder (D:5)
  A wyvern (D:4)
  Sigmund (D:3)
  Edmund (D:4)
  8 orc warriors
  2 ice beasts
  2 sky beasts
  5 ogres
  A phantom (D:5)
  A kobold brigand (D:7)
  A bullfrog (D:6)
  A water moccasin zombie (D:6)
  A howler monkey (D:6)
  A centaur zombie (D:5)
  A hound (D:4)
  3 orc priests
  2 gnoll shamans (D:5)
  2 jellies (D:6)
  2 centaur skeletons
  Crazy Yiuf (D:3)
  An iguana (D:5)
  3 orc wizards
  Natasha (D:3)
  A hound skeleton (D:4)
  2 mummies (Ossuary)
  Robin (D:3)
  A howler monkey zombie (D:6)
  2 adders
  11 gnolls
  A white imp (D:6)
  6 adder zombies (Ossuary)
  A worm (D:2)
  31 orcs
  5 bats
  5 endoplasms
  5 giant cockroaches
  5 gnoll zombies (Ossuary)
  18 goblins
  8 hobgoblins
  4 jackals (D:1)
  3 quokkas
  7 ball pythons
  6 frilled lizards
  6 hobgoblin zombies (Ossuary)
  16 kobolds
  3 kobold zombies (Ossuary)
  6 orc zombies (Ossuary)
  4 rats
202 creatures vanquished.

Vanquished Creatures (others)
  A goblin (D:3)
  A hobgoblin (D:3)
2 creatures vanquished.

Grand Total: 204 creatures vanquished

Notes
Turn   | Place    | Note
-------+----------+-------------------------------------------
     0 | D:1      | DocClef the Minotaur Berserker began the quest for the Orb.
     0 | D:1      | Reached XP level 1. HP: 19/19 MP: 0/0
   143 | D:1      | Reached skill level 4 in Axes
   219 | D:1      | Reached XP level 2. HP: 26/26 MP: 1/1
   518 | D:1      | Reached skill level 5 in Axes
   685 | D:1      | Found a faded altar of an unknown god.
  1231 | D:1      | Reached XP level 3. HP: 31/31 MP: 2/2
  1557 | D:2      | Noticed an ogre
  1565 | D:2      | Killed an ogre
  1566 | D:2      | Reached skill level 6 in Axes
  1566 | D:2      | Reached XP level 4. HP: 30/39 MP: 3/3
  2027 | D:2      | Reached XP level 5. HP: 43/45 MP: 4/4
  2255 | D:2      | Reached skill level 7 in Axes
  2304 | D:2      | Reached ** piety under Trog
  2534 | D:3      | Noticed Robin
  2840 | D:3      | Killed Robin
  3054 | D:3      | Found a radiant altar of Vehumet.
  3054 | D:3      | Noticed a frost-covered statue
  3089 | D:3      | Found Vulomud's Antique Armour Shoppe.
  3174 | D:3      | Noticed Natasha
  3186 | D:3      | Killed Natasha
  3262 | D:3      | Found a faded altar of an unknown god.
  3266 | D:3      | Found a burning altar of Makhleb.
  3276 | D:3      | Noticed an ogre
  3284 | D:3      | Killed an ogre
  3285 | D:3      | Reached skill level 8 in Axes
  3285 | D:3      | Reached XP level 6. HP: 51/51 MP: 5/5
  3295 | D:3      | Found an opulent altar of Gozag.
  3427 | D:3      | Noticed Sigmund
  3442 | D:3      | Killed Sigmund
  3443 | D:3      | Reached skill level 9 in Axes
  3570 | D:3      | Found a runed translucent door.
  3571 | D:3      | Noticed Crazy Yiuf
  3743 | D:3      | Killed Crazy Yiuf
  3814 | D:4      | Found a hide-covered altar of Uskayaw.
  3816 | D:4      | Noticed Edmund
  3820 | D:4      | Killed Edmund
  3821 | D:4      | Reached XP level 7. HP: 57/57 MP: 6/6
  3824 | D:4      | Found a sand-covered staircase.
  3829 | Ossuary  | Entered an ossuary
  3868 | Ossuary  | Reached skill level 10 in Axes
  4026 | D:4      | Noticed a wyvern
  4030 | D:4      | Killed a wyvern
  4030 | D:4      | Reached *** piety under Trog
  4196 | D:4      | Reached skill level 11 in Axes
  4370 | D:4      | Found a one-way gate to the infinite horrors of the Abyss.
  4370 | D:4      | Noticed KittyFluff's ghost (amateur GrBe)
  4371 | D:4      | Found a transporter.
  4470 | D:4      | Reached XP level 8. HP: 64/64 MP: 7/7
  4511 | D:4      | Found a transporter.
  4627 | D:5      | Entered Level 5 of the Dungeon
  4633 | D:5      | Reached skill level 12 in Axes
  5103 | D:5      | Reached **** piety under Trog
  5216 | D:5      | Reached skill level 13 in Axes
  5773 | D:5      | Noticed Grinder
  5777 | D:5      | Killed Grinder
  5935 | D:5      | Found a broken altar of Ashenzari.
  5993 | D:6      | Reached skill level 14 in Axes
  6125 | D:6      | Reached XP level 9. HP: 50/73 MP: 8/8
  6238 | D:6      | Found a basalt altar of Yredelemnul.
  6257 | D:6      | Reached skill level 5 in Fighting
  6558 | D:6      | Found a staircase to the Ecumenical Temple.
  7137 | D:7      | Noticed Harold
  7153 | D:7      | Killed Harold
  7160 | D:7      | Found a flagged portal.
  7172 | Bailey   | Entered a bailey
  7471 | Bailey   | Reached skill level 10 in Fighting
  8268 | Bailey   | Reached XP level 10. HP: 51/94 MP: 9/9
  8450 | Bailey   | Noticed an orc knight
  8450 | Bailey   | Noticed an orc knight
  8450 | Bailey   | Noticed an orc knight
  8457 | Bailey   | Slain by an orc knight

Illustrated notes

Levels and vault maps discovered:
D:1:      ncdulo_watergridlock, layout_basic,
          hellmonk_ecumenical_altar_arch_garden
D:2:      layout_loops_corners
D:3:      layout_basic, vehumet_statue, mainiacjoe_overflow_paths,
          nicolae_overflow_ecumenical_swirl, serial_shops, shop, uniq_robin,
          uniq_crazy_yiuf_cottage, uniq_sigmund, uniq_natasha
D:4:      layout_rooms, amcnicky_altar_gilded, enter_ossuary_2,
          gammafunk_ghost_abyssal_escape, hangedman_feature_mirror, uniq_edmund
D:5:      layout_cave_pools, lemuel_coloured_pillars_altar,
          chequers_serial_rivers_small_a, bh_walls_and_bars, uniq_grinder
D:6:      layout_cave_pools, nicolae_overflow_hidden_temple,
          minmay_temple_entry_nine_rooms
D:7:      layout_gridville, mainiacjoe_overflow_cross_hatched,
          kennysheep_slug_shrine, enter_bailey_5, uniq_harold
Bailey:   bailey_polearm_2, bailey

Skill      XL: |  1  2  3  4  5  6  7  8  9 |
---------------+----------------------------+-----
Axes           | 4 5 6 8 9 11 14 | 14.0
Fighting       | 4 10 | 10.9
Armour         | |  2.4
Dodging        | |  2.1

Action                   |  1- 3 |  4- 6 |  7- 9 | 10-12 || total
-------------------------+-------+-------+-------+-------++-------
Melee: Hand axe          |    66 |    71 |       |       ||   137
       Headbutt          |     8 |    15 |    56 |       ||    79
       Punch             |       |     1 |       |       ||     1
       Dire flail        |       |       |   348 |       ||   348
Invok: Berserk           |     1 |     3 |     1 |     1 ||     6
       Trog's Hand       |       |     1 |     1 |     1 ||     3
       Brothers in Arms  |       |       |       |     1 ||     1
  Use: Scroll            |       |       |    11 |       ||    11
Armor: Animal skin       |    13 |    10 |       |       ||    23
       Scale mail        |       |     5 |   116 |       ||   121
       Chain mail        |       |       |    44 |     2 ||    46
Dodge: Dodged            |    40 |    45 |   167 |     4 ||   256
